[Event "SixDays Budapest March GM A 2025"]
[Site "Budapest"]
[Date "2025.03.25"]
[Round "2.3"]
[White "Ostrovskiy, Aleksandr"]
[Black "Zia, Tahsin Tajwar"]
[Result "0-1"]
[Annotator "TA"]
[ECO "B30"]
[WhiteElo "2394"]
[BlackElo "2327"]
[PlyCount "238"]
[EventDate "2025.03.23"]
[EventCountry "HUN"]
[SourceTitle "playchess.com"]
[Source "ChessBase"]
[SourceQuality "1"]
[TimeControl "5400+30"]

1. e4 c5 2. Nf3 Nc6 3. Bb5 d6 4. O-O Bd7 5. Re1 Nf6 6. c3 a6 7. Bf1 Bg4 8. h3 Bxf3 9. Qxf3 Rg8 10. Na3 g5 11. Nc2 Ne5 12. Qd1 c4 13. d4 cxd3 14. Nb4 g4 15. hxg4 d2 16. Bxd2 Nfxg4 17. Bf4 e6 18. Nd3 Nxd3 19. Qxd3 e5 20. Bg3 h5 21. Qf3 Rc8 22. b3 h4 23. Bh2 Qf6 24. Qxf6 Nxf6 25. Re3 Bh6 26. Rh3 Bg5 27. Re1 Ke7 28. Rd3 Rg6 29. a4 Nd7 30. b4 Rcg8 31. a5 Bf4 32. Rh3 Rg4 33. f3 Bxh2+ 34. Rxh2 Rf4 35. Kf2 Nf6 36. Ke2 Rg3 37. Rd1 Nh7 38. b5 Ng5 39. bxa6 bxa6 40. Rb1 {[%emt 0:00:37] [#]} h3 (40... f5 $1 $15 41. exf5 e4) 41. Rb7+ $1 $11 Kf8 42. Ra7 hxg2 43. Bxg2 Nxf3 44. Bxf3 (44. Kf2 $2 Rxg2+ (44... Nxh2+ 45. Kxg3 Nf1+ 46. Bxf1 $11) 45. Rxg2 Nh4+ 46. Kg3 Nxg2 (46... Rxe4 $2 47. Rf2 $18) 47. Kxg2 Rxe4 $19) 44... Rgxf3 45. Rxa6 Rxc3 46. Rxd6 Rc2+ (46... Ra3 $17 47. Rh8+ Kg7) 47. Rd2 $11 Rxe4+ 48. Kf3 (48. Kd1 $11 {remains equal.} Rc6 49. Rhe2 Rxe2 50. Kxe2) 48... Rxd2 $1 $17 49. Rxd2 Ra4 50. Rd5 f6 51. Rb5 Kf7 52. Rc5 $2 (52. Ke3 $17) 52... Kg6 53. Ke3 Kf5 54. Kd3 Ra1 $2 (54... Kf4 $19 {and ...e4+ would now be decisive} 55. Kc3 Ke3) 55. Kc4 $2 (55. Kc2 $1 $11 {and White stays safe.}) 55... Kf4 $19 56. Kb5 e4 57. Rc4 Kf3 58. Rc5 Kg4 59. Rc4 f5 60. a6 Kg3 61. Ra4 Rxa4 62. Kxa4 e3 $1 63. a7 e2 64. a8=Q e1=Q (64... e1=B 65. Qg8+ Kh3 66. Qg5 Bg3 67. Qxf5+ Kg2 68. Kb4 Bb8 69. Kc3) 65. Qg8+ Kf2 66. Qg5 (66. Qh7 {was called for.} Qd1+ 67. Kb5) 66... Qe4+ $19 67. Kb5 Qg4 68. Qf6 f4 69. Qd4+ Kg2 70. Qd2+ Kh3 71. Ka6 Qe6+ 72. Kb7 f3 73. Qf4 $2 (73. Qc3 Qd7+ 74. Kb6 Qd6+ 75. Ka7) 73... Qg4 $2 (73... Qd5+ 74. Kb8 Kg2 75. Qg4+ Kf1 76. Qh3+ Ke1) 74. Qh6+ Kg2 75. Qc6 Qh3 76. Qd5 Qg3 77. Ka8 Kg1 78. Qd1+ $2 (78. Qc5+ $19 f2 79. Ka7) 78... Kh2 $1 79. Qd2+ f2 80. Qh6+ Kg2 81. Qd2 Kg1 82. Qd4 Kh2 83. Qh8+ Kg2 84. Qb2 Qf3+ 85. Ka7 Qf7+ 86. Ka6 Qg6+ 87. Ka7 Qh7+ 88. Ka6 Kg1 89. Qd4 Qg6+ 90. Ka7 Qg3 $2 (90... Qg2 91. Kb6 Qg6+ 92. Ka7 Qg5 93. Kb7 Kg2 94. Qb2 Qe7+ 95. Kc8 Qf8+ 96. Kd7 Qf5+ 97. Ke8 Qh5+ 98. Kd7 Qh7+ 99. Kc8 Qf5+ 100. Kd8 Qf8+ 101. Kd7) 91. Ka6 $2 (91. Ka8 $11 Kh2 92. Qf6 Qg2+ 93. Kb8) 91... Kh1 92. Qd1+ Kh2 93. Qd2 Qa3+ 94. Kb6 Qb3+ 95. Ka7 Qf7+ 96. Ka6 Qe6+ 97. Ka7 Qe7+ 98. Ka6 Qf6+ 99. Ka7 Kg1 100. Qe3 Qf7+ 101. Kb6 Qf6+ 102. Ka7 $1 Kh2 103. Qd2 Qf3 $2 (103... Qg7+ 104. Kb6 Qg6+ 105. Ka7 Qf6 106. Qc2 Qd4+ 107. Kb7 Qd7+ 108. Kb6 Qd6+ (108... Qd4+ $2 109. Kc6 $19) 109. Ka5 Kg1 110. Qc3 Qd5+ (110... f1=B 111. Qd4+ Qxd4 $11) 111. Kb4 Qe4+ (111... f1=R $2 112. Qg3+ Qg2 113. Qe3+ Kh2 114. Qe5+ Qg3 115. Qh8+ Kg2 116. Qa8+ Kh3 117. Qh8+ Qh4+ 118. Qxh4+ Kxh4 119. Kc5 $19) (111... f1=Q 112. Qg7+ Kf2 113. Qf6+ Ke2 114. Qa6+ Qd3 115. Qa2+ Qd2+ 116. Qxd2+ Kxd2 117. Kc5 Qf6 118. Kd5 Kc3 119. Ke4 Qg5 120. Kf3 Kd3 121. Kf2 Qg4 122. Kf1 Ke3 123. Ke1 Qg1#) 112. Kb3 f1=Q (112... f1=R 113. Qg3+ Qg2 114. Qe3+ Kh2 115. Qh6+ Qh3+ 116. Qxh3+ Kxh3 117. Kc4 Rf4+ 118. Kd5 Rf5+ 119. Kd4 Kg3 120. Ke4 Ra5 121. Kd4 Kf4 122. Kc3 Ra4 123. Kd3 Kf3 124. Kc3 Ke3 125. Kb3 Rh4 126. Kc3 Ke2 127. Kc2 Rh3 128. Kc1 Kd3 129. Kb2 Kd2 130. Ka1 Kc2 131. Ka2 Rg3 132. Ka1 Ra3#) (112... Qb7+ $2 113. Ka3 $19) 113. Qc5+ Kh2 114. Qd6+ Qff4 115. Qxf4+ Qxf4 116. Kc3 Kg3 117. Kd3 Kf3 118. Kc3 Ke2 119. Kb2 Qb4+ 120. Kc2 Ke3 121. Kc1 Kd3 122. Kd1 Qd2#) 104. Qb2 $2 (104. Qd6+ $11 Qg3 105. Qd2) 104... Qf7+ 105. Ka6 $2 (105. Ka8 $11 Qf8+ (105... Qg8+ $2 106. Ka7 $19) 106. Ka7) 105... Qc4+ $2 (105... Kg3 106. Qe5+ Kf3 107. Qc3+ Kg4 (107... Kg2 $2 108. Qc2 $19) 108. Qc8+ Kg5 109. Qc1+ Kg6 110. Qf1 Kg7 111. Kb5 Kf8 112. Kc6 Qg6+ 113. Kc7 Qg1 114. Qh3 f1=Q (114... f1=B 115. Qf5+ Ke7 116. Qh7+ Kf6 117. Qh8+ Kf5 118. Qh7+ Kf6 119. Qh6+ Ke7 120. Qd6+ Kf7 121. Qd5+ Kf6 122. Qd8+ Kf5 123. Qd7+ Ke4 124. Qe6+ Kd3 125. Qd5+ Kc3 126. Qa5+ Kd3 127. Qa3+ Ke4 128. Qa4+ Kf5 129. Qa5+ Kg6 130. Qb6+ Qxb6+ 131. Kxb6 $11) 115. Qh8+ Qg8 116. Qh6+ Qg7+ 117. Qxg7+ Kxg7 118. Kc6 Qc4+ 119. Kb7 Qb5+ 120. Kc7 Kf7 121. Kd6 Kf6 122. Kc7 Ke6 123. Kc8 Kd6 124. Kd8 Qd7#) 106. Kb6 $2 (106. Kb7 $11) 106... Kg3 $1 107. Qe5+ Qf4 108. Qc3+ Kg4 (108... Kg2 $142 109. Qc2 Qd6+ 110. Ka7 Kg1 111. Qf5 Qd4+ (111... f1=B 112. Qg5+ Kf2 113. Qh4+ Kf3 114. Qh5+ Kf2 115. Qh4+ Kg1 116. Qg5+ Kf2 117. Qf5+ Kg1 118. Qg5+ $11) 112. Kb8 f1=Q (112... f1=B 113. Qg6+ Bg2 114. Qb1+ Kh2 115. Qc2 $15) 113. Qg6+ Kh2 114. Qh5+ Qh3 115. Qxh3+ Kxh3 116. Kb7 Qd5+ 117. Ka7 Qb5 118. Ka8 Kg4 119. Ka7 Kf5 120. Ka8 Ke5 121. Ka7 Kd6 122. Ka8 Kc7 123. Ka7 Qb7#) 109. Qc8+ $19 Kg5 110. Qg8+ Kh6 (110... Kf5 $11 111. Qc8+ Kg5 112. Qg8+ Kh4 113. Qh7+ Kg4 114. Qg8+ Qg5 115. Qc4+ Kh3 116. Qb3+ Kh4) 111. Qh8+ $17 Kg6 112. Qg8+ Kh5 113. Qd5+ $2 (113. Qe8+ $11 Kg4 114. Qg8+ Qg5 115. Qc4+ Kh3 116. Qb3+ Kh4 117. Qc4+ Qg4 118. Qf1 Qd4+ 119. Kb7) 113... Kh4 114. Qd8+ Kh5 $2 (114... Qg5 $1 115. Qd4+ Kg3 116. Qc3+ Kg2 117. Qb2 Qf4 118. Kb7 Kh3 119. Qh8+ Qh4 120. Qc3+ Qg3 121. Qh8+ Kg2 122. Qb2 Kg1 123. Qb6 Kh2 124. Qh6+ Kg2 (124... Kg1 125. Qb6 $19) 125. Qd2 Qb3+ 126. Kc7 Kf3 127. Qc1 Qf7+ (127... Ke2 $2 128. Qh6 $19) 128. Kd8 Qf8+ 129. Kd7 Qf5+) 115. Qd5+ $2 {[%emt 0:00:04][%mdl 8192] [#]} (115. Qe8+ $11 Kg4 116. Qg8+ Qg5 117. Qc8+ Qf5 118. Qc4+ Kg5 119. Qf1) 115... Kg6 $2 (115... Kg4 $1 {mates} 116. Qg8+ Qg5 117. Qc8+ Qf5 118. Qc4+ Kg5 119. Qf1 Kf6 120. Qh1 f1=Q (120... f1=B 121. Qc6+ Kf7 122. Qc7+ Kg8 123. Qd8+ Kg7 124. Qc7+ Kg6 125. Qd6+ Kf7 126. Qc7+ Kg6 127. Qd6+ Kh7 128. Qh2+ Bh3 129. Qc7+ Kg8 130. Qd8+ Kf7 131. Qc7+ Kg6 132. Qd6+ Kh7 133. Qe7+ Kg8 134. Qd8+ Kh7 135. Qe7+ Kh8 136. Qe8+ Kh7 137. Qe7+ $11) 121. Qc6+ Qe6 122. Qxe6+ Kxe6 123. Kc5 Qd3 124. Kc6 Qc4+ 125. Kb6 Kd6 126. Ka5 Qb3 127. Ka6 Kc6 128. Ka7 Qb7#) 116. Qg8+ $1 $11 Kf5 117. Qd5+ $2 {[%emt 0:01:12][%mdl 8192] [#]} (117. Qc8+ $11 Kg5 118. Qg8+ Kh5 119. Qe8+ Kg4 120. Qg6+ Qg5 121. Qe6+ Kh4 122. Qc4+ Qg4 123. Qf1 Qd4+ 124. Kb7) 117... Kf6 $1 118. Qd8+ Kg7 119. Qd7+ Qf7 0-1

[Event "SixDays Budapest March GM A 2025"]
[Site "Budapest"]
[Date "2025.03.25"]
[Round "2.4"]
[White "Rohrer, Christophe"]
[Black "Jake Shanty"]
[Result "1/2-1/2"]
[Annotator "TA"]
[ECO "C07"]
[WhiteElo "2266"]
[BlackElo "2336"]
[PlyCount "152"]
[EventDate "2025.03.23"]
[EventCountry "HUN"]
[SourceTitle "playchess.com"]
[Source "ChessBase"]
[SourceQuality "1"]
[TimeControl "5400+30"]

1. e4 e6 2. d4 d5 3. Nd2 c5 4. exd5 Qxd5 5. Ngf3 cxd4 6. Bc4 Qd6 7. O-O Nf6 8. Nb3 Nc6 9. Nbxd4 Nxd4 10. Nxd4 Be7 11. c3 O-O 12. Qf3 Qc7 13. Bb3 {[%emt 0:02:59] C07: French Tarrasch: 3...c5, 4 Ngf3 and 4 exd5 Qxd5.} a5 14. a4 Bd7 15. Re1 Bd6 16. h3 Rfe8 $146 (16... Qb6 17. Bc2 Rac8 18. Rb1 Nd5 19. Nf5 exf5 20. Qxd5 Be6 21. Qf3 g6 22. Be3 Bc5 23. Bxc5 Rxc5 {½-½ Womacka,M (2371)-Fromm,M (2472) Titled Tuesday intern op 05th Sep Early blitz 2023 (6)}) 17. Bg5 Be5 18. Rad1 h6 19. Bc1 Rad8 20. Be3 Nd5 21. Bc1 Nf6 22. Qe2 Bh2+ 23. Kf1 Bd6 {[%emt 0:01:27] Not much happening anymore} 24. Nb5 Bxb5 25. Qxb5 Bf4 26. Bxf4 Qxf4 27. Qe5 (27. Qxb7 $2 {perishes.} Rb8 28. Qc6 Rxb3 $19) 27... Qxe5 28. Rxe5 b6 29. Rb5 Rxd1+ 30. Bxd1 $14 {[%emt 0:00:05][%mdl 4096] Endgame KRB-KRN} Nd7 31. b4 Rc8 32. bxa5 bxa5 33. Rxa5 Rxc3 34. Ra8+ Kh7 35. Ke2 Nc5 36. f3 Kg6 37. Kd2 Rd3+ 38. Kc2 Kf6 39. Ra5 Rd5 40. Be2 Ke7 41. Bc4 Rg5 42. g4 {[%emt 0:02:49] [#]} Kd6 43. Ra7 f5 44. a5 fxg4 45. hxg4 h5 46. gxh5 Rxh5 47. Rxg7 {[%emt 0:01:40] Hoping for a6.} Rf5 48. Be2 Nd7 49. a6 Ra5 50. Kb2 Kc6 51. Rg6 Nc5 52. Bc4 Kc7 53. f4 (53. Bxe6 Nxa6 54. Bc4 Nb4 $11) 53... Nxa6 {[%emt 0:00:29] The position is equal.} 54. Rxe6 Nb4 55. Kb3 Nc6 56. Re4 Kd6 57. Kc3 Ra3+ 58. Kd2 Ne7 59. Ke2 Nf5 {[%emt 0:01:37] [#] ...Ng3+ is the strong threat.} 60. Kf2 Rc3 61. Bf7 Rc2+ 62. Kf3 Rc3+ 63. Kf2 Rc2+ 64. Ke1 Rb2 65. Re6+ Kd7 66. Re5 Nh4 67. Bd5 Ng6 68. Re4 Nh4 69. Be6+ Ke7 70. Bg4+ Kf6 71. Kf1 Nf5 {[%emt 0:00:09] ( -> ...Ng3+)} 72. Ke1 Rg2 73. Bf3 Rb2 74. Ra4 Nh4 75. Be4 Ng2+ 76. Bxg2 Rxg2 {[%emt 0:00:06] Weighted Error Value: White=0.07 (flawless) /Black=0.05 (flawless)   Inaccurate:     	White=4     	Black=4      OK:         	White=23    	Black=35     Best:        	White=1     	Black=3} 1/2-1/2

[Event "SixDays Budapest March GM A 2025"]
[Site "Budapest"]
[Date "2025.03.25"]
[Round "2.5"]
[White "Pap, Misa"]
[Black "Uskov, Artem"]
[Result "1/2-1/2"]
[Annotator "TA"]
[ECO "B22"]
[WhiteElo "2457"]
[BlackElo "2461"]
[PlyCount "32"]
[EventDate "2025.03.23"]
[EventCountry "HUN"]
[SourceTitle "playchess.com"]
[Source "ChessBase"]
[SourceQuality "1"]
[TimeControl "5400+30"]

1. e4 c5 2. c3 d5 3. exd5 Qxd5 4. d4 Nf6 5. Nf3 e6 6. Bd3 Be7 7. Be3 O-O 8. O-O {[%emt 0:00:24] The position is equal.} Rd8 {[%emt 0:01:18] B22: Sicilian: 2 c3.} 9. Qe2 Nc6 10. Rd1 {[%emt 0:01:07] A rather calm draw.   Weighted Error Value: White=0.07 (flawless) /Black=0.14 (very precise)} {Predecessor:} cxd4 $146 11. cxd4 Nb4 12. Nc3 Qh5 13. Bc4 b6 14. a3 Nbd5 15. Rac1 Nxc3 16. Rxc3 Bb7 {0-1 Yudin,S (2599)-Artemiev,V (2803) Wch Blitz Almaty 2022 (7)} 1/2-1/2

[Event "SixDays Budapest March GM A 2025"]
[Site "Budapest"]
[Date "2025.03.25"]
[Round "3.1"]
[White "Uskov, Artem"]
[Black "Moldagali, Beksultan"]
[Result "1-0"]
[Annotator "TA"]
[ECO "C72"]
[WhiteElo "2461"]
[BlackElo "2398"]
[PlyCount "53"]
[EventDate "2025.03.23"]
[EventCountry "HUN"]
[SourceTitle "playchess.com"]
[Source "ChessBase"]
[SourceQuality "1"]
[TimeControl "5400+30"]

1. e4 e5 2. Nf3 Nc6 3. Bb5 a6 4. Ba4 d6 5. O-O Bd7 6. c3 Nge7 7. d4 Ng6 8. Nbd2 Be7 9. Bb3 {[%emt 0:00:16] C75: Ruy Lopez: Deferred Steinitz: 5 c3 Bd7 6 d4 without ...g6.} O-O 10. d5 Nb8 $146 (10... Na5 11. Bc2 b5 12. Re1 c6 13. dxc6 Bxc6 14. Nf1 Nc4 15. b3 Nb6 16. Ne3 Qc7 {½-½ Jung,R-Moeller,U DESC P2012 email}) 11. Nc4 {[%emt 0:00:09] White is slightly better.} a5 12. a4 Kh8 13. Ne3 {[%emt 0:02:42] White is more active.} Bg5 ({Black should play} 13... Nh4 $14) 14. Nxg5 $16 Qxg5 15. Bc2 Qh4 16. g3 Qh3 17. Bd3 f5 18. exf5 $18 ({Don't play} 18. Nxf5 Na6) 18... Ne7 19. f4 Na6 (19... e4) 20. fxe5 dxe5 21. Be4 {[%emt 0:01:44] and d6 should not be overlooked} Nxf5 (21... Qh6 {was called for.} 22. Nc4 Qf6) 22. Nxf5 {[%emt 0:00:17] White is clearly winning.} Rxf5 23. Bxf5 Bxf5 24. Qf3 {[%emt 0:01:46] Prevents Be4.} g6 {[%emt 0:00:16] [#]} 25. d6 $1 e4 (25... c6 26. Bg5) 26. Qf4 cxd6 27. Qxd6 {[%emt 0:00:08] Black got outplayed after the opening.   Weighted Error Value: White=0.00 (flawless) /Black=0.70  Mistake:       	---       	Black=4      Inaccurate:     	---       	Black=1      OK:         	White=13    	Black=3      Best:        	White=1     	---} 1-0

[Event "SixDays Budapest March GM A 2025"]
[Site "Budapest"]
[Date "2025.03.25"]
[Round "3.2"]
[White "Jake Shanty"]
[Black "Pap, Misa"]
[Result "0-1"]
[Annotator "TA"]
[ECO "A04"]
[WhiteElo "2336"]
[BlackElo "2457"]
[PlyCount "80"]
[EventDate "2025.03.23"]
[EventCountry "HUN"]
[SourceTitle "playchess.com"]
[Source "ChessBase"]
[SourceQuality "1"]
[TimeControl "5400+30"]

1. Nf3 c5 2. c4 g6 3. Nc3 Bg7 4. e3 Nf6 5. d4 O-O 6. d5 (6. dxc5 Na6 $11) 6... e6 {[%emt 0:02:13] E61: King's Indian: Early deviations for White, including Smyslov System.} 7. Bd3 exd5 8. cxd5 d6 {[%emt 0:01:14] White is slightly better.} 9. h3 {[%emt 0:02:10] Prevents Bg4.} Na6 10. O-O Re8 11. Re1 Nb4 $146 {[%emt 0:16:04] [#]} (11... Nc7 $14) ({Predecessor:} 11... Nc7 12. e4 b5 13. a3 Rb8 14. Bf4 a5 15. Rc1 b4 16. axb4 axb4 17. Na4 Bd7 {½-½ Salem,A (2644)-Puranik,A (2549) Wch Rapid Almaty 2022 (7)}) 12. Bb1 $1 $16 c4 13. a3 Qa5 14. e4 (14. axb4 Qxa1 15. Nd2 Nd7 $17) 14... Bd7 ({Black should try} 14... Qa6 $1 $14) 15. Bf4 (15. axb4 Qxa1 16. Qe2 Qa6 $17 (16... Nxd5 $2 17. Nxd5 Qxb1 18. Nc7 $17)) 15... Bf8 (15... Qa6 $16) 16. Qd2 {[%emt 0:05:08] aiming for Na2.} (16. axb4 Qxa1 17. Qe2 Qa6 $11) 16... Na6 17. Bc2 Nh5 (17... Nc5 $16 18. Rad1 Rac8) 18. Bh6 f6 19. Be3 Rac8 20. Bd4 (20. Bxa7 b6) (20. g4 $18 Ng7 21. Bd4 (21. Bxa7 b6 $16)) 20... Qd8 21. g4 Ng7 22. Qf4 $1 (22. Bxa7 $6 b6 $14) 22... Be7 23. Qh6 (23. Bxa7 $6 b6 $14) 23... Bf8 24. Qf4 {[%emt 0:00:09] Prevents Nf5.} (24. Bxa7 $6 b6 $11) (24. Bxf6 $18 {White wants to mate with Ng5.} Nh5 (24... Qxf6 $2 25. Ng5 $18) 25. Qxh7+ (25. Bxd8 Bxh6 26. gxh5 Rcxd8 $16) 25... Kxh7 26. Bxd8 Rcxd8 27. gxh5) 24... Re5 {[%emt 0:05:12][%mdl 8192] Against Ng5} (24... Be7 $11) 25. Qe3 (25. Bxa7 $18 b6 26. Ba4) 25... Nc5 26. Rad1 h5 {[%emt 0:01:47] [#]} 27. g5 Nf5 $11 28. Qd2 Nxd4 29. Qxd4 Bxh3 $1 30. gxf6 ({White should try} 30. Nxe5 $15 fxe5 31. Qe3) 30... Qxf6 $17 31. Qe3 Bg4 {[%emt 0:01:49] Black is more active.} 32. Nxe5 dxe5 $40 {[%emt 0:00:07][%mdl 128] Black goes for the king.} (32... Qxe5 33. Rd2 $11 (33. f4 Qf6 $14)) 33. Rd2 Kh7 34. f4 $2 (34. Qg3 $17 {is a better chance.}) 34... Nd3 $19 (34... Qxf4 35. Qxf4 exf4 36. e5 $11) (34... exf4 35. Qf2 $19) 35. fxe5 (35. Bxd3 $142 exf4 (35... Bc5 $2 36. Qxc5 Rxc5 37. Bf1 $19) 36. Rf2) 35... Qxe5 36. d6 Bxd6 {[%emt 0:00:27] Strongly threatening ...Bc5.} (36... Nxb2 37. Rd5 Qe6 38. e5 $16 (38. Qxa7 Bf3 $17)) 37. Na4 b5 ({Stronger than} 37... Nxb2 38. Rxd6 Qxd6 (38... Nxa4 39. Rd5 $16) 39. e5 $11) 38. Bxd3 bxa4 39. Qxa7+ Rc7 40. Rf2 Rxa7 {[%emt 0:00:07] Black used his chance.   Weighted Error Value: White=1.05/Black=0.22 (precise)   Loses game:     	White=1     	Black=1      Missed win:     	White=2     	---        Mistake:       	White=4     	Black=4      Inaccurate:     	White=1     	---        OK:         	White=8     	Black=13     Best:        	White=1     	Black=3      Strong:       	White=2     	Black=1} (40... Qg3+ $142 41. Rg2 Qxe1+ 42. Bf1 Rxa7 43. Rf2 Bc5 (43... Qxe4 {gets mated.} 44. b4 axb3 45. a4 c3 46. Rf6 Qe3+ 47. Rf2 Bc5 48. Kh2 Qxf2+ 49. Bg2 Qh4+ 50. Bh3 Qxh3#) 44. Kh2 Qxf2+ (44... Bxf2 45. Kg2 Bg3 46. Bxc4 Qf2+ 47. Kh1 Qh2#) 45. Bg2 Qh4+ 46. Bh3 Qxh3#) 0-1

[Event "SixDays Budapest March GM A 2025"]
[Site "Budapest"]
[Date "2025.03.25"]
[Round "3.3"]
[White "Zia, Tahsin Tajwar"]
[Black "Rohrer, Christophe"]
[Result "1-0"]
[Annotator "TA"]
[ECO "A05"]
[WhiteElo "2327"]
[BlackElo "2266"]
[PlyCount "81"]
[EventDate "2025.03.23"]
[EventCountry "HUN"]
[SourceTitle "playchess.com"]
[Source "ChessBase"]
[SourceQuality "1"]
[TimeControl "5400+30"]

1. Nf3 Nf6 2. g3 d5 3. Bg2 e6 4. O-O Be7 5. d4 O-O 6. c4 dxc4 7. Qc2 b5 8. a4 {[%emt 0:00:33] E05: Open Catalan: 5 Nf3 Be7.} b4 9. Nfd2 Nd5 10. Nxc4 {[%emt 0:00:14] White is slightly better.} (10. Qxc4 Ba6 11. Qc2 Nd7 $15 (11... Bxe2 12. Re1 $15)) 10... c5 11. dxc5 Ba6 12. Ne3 Nd7 13. Nxd5 exd5 14. c6 Rc8 {[%emt 0:06:55] Black sacrificed a pawn} (14... Nc5 $14) 15. Bf4 {[%emt 0:04:11][%cal Oc6c7] White is more active.} (15. Bxd5 $5 Ne5 16. Rd1 $18) 15... Nc5 16. Rd1 Bc4 17. c7 Qd7 18. Nd2 {[%emt 0:00:05] Repels Bb3} Bxe2 {[%emt 0:05:08] [#]} 19. Nb3 $146 ({Predecessor:} 19. Re1 Bd3 20. Qd1 Bd6 21. Bh3 f5 22. Nb3 Nxb3 23. Qxd3 Bxf4 24. Qxb3 Bxc7 25. Rad1 {½-½ Salimova,N (2390)-Alsina Leal,D (2527) Sitges Sunway op 9th 2022 (3)}) 19... Nxb3 (19... Bxd1 {with more complications.} 20. Rxd1 Nxb3 21. Qxb3 Rxc7 22. Bxd5 Qc8) 20. Qxb3 Bxd1 21. Rxd1 Rxc7 22. Bxd5 {[%emt 0:04:08] This pair of bishops is nice.} Qc8 23. Bxc7 Qxc7 {[%emt 0:00:06] Black is weak on the light squares} 24. Kg2 a5 25. Qf3 Bf6 26. b3 Rc8 27. h4 Qe7 28. Qg4 Rd8 29. Rd3 $36 {[%emt 0:01:03][%mdl 2048] White has some pressure.} Qe5 30. Qf3 {[%emt 0:00:27][%cal Od5f7] [#]} h5 $2 {[%emt 0:01:25][%mdl 8192] Loses the game.} (30... Qc7 $11 {and Black stays safe.}) 31. Bxf7+ $1 $18 Kf8 (31... Kh8 $142 32. Re3 (32. Qxh5+ Qxh5 33. Rxd8+ Bxd8 $16) 32... Qc5) 32. Rxd8+ $2 (32. Bxh5 $2 {perishes.} Rxd3 33. Qxd3 Qxh5 34. Qd6+ Kg8 $19) (32. Re3 Qc5 33. Bc4 (33. Qxh5 Qxh5 34. Bxh5 g5 $18) (33. Bxh5 Kg8 $18)) 32... Bxd8 33. Bxh5+ {[%emt 0:00:48][%mdl 4096] Endgame KQB-KQB. White is two pawns up.} Qf6 34. Qe4 Be7 35. Bg6 Qd6 (35... Kg8 $142 36. Qd5+ Kf8) 36. g4 {[%emt 0:01:26][%cal Bg3g4,Bg4g5][%mdl 32] Strongly threatening g5.} Qd7 (36... Kg8 $142 37. g5 Qd7) 37. Qf3+ {[%emt 0:00:23] White is clearly winning.} Kg8 38. Bf7+ Kh8 39. g5 g6 {[%emt 0:01:21] Against Qh5+} 40. Bxg6 {[%emt 0:00:07] Qh5+ would kill now.} Bd6 41. Bf5 {[%emt 0:00:42] Weighted Error Value: White=0.17 (very precise) /Black=0.74  Loses game:     	---       	Black=1      Mistake:       	White=1     	Black=4      Inaccurate:     	White=3     	Black=4      OK:         	White=14    	Black=13     Best:        	White=1     	Black=2      Strong:       	White=1     	---} 1-0

[Event "SixDays Budapest March GM A 2025"]
[Site "Budapest"]
[Date "2025.03.25"]
[Round "3.4"]
[White "Berczes, David"]
[Black "Ostrovskiy, Aleksandr"]
[Result "1/2-1/2"]
[Annotator "TA"]
[ECO "D02"]
[WhiteElo "2408"]
[BlackElo "2394"]
[PlyCount "52"]
[EventDate "2025.03.23"]
[EventCountry "HUN"]
[SourceTitle "playchess.com"]
[Source "ChessBase"]
[SourceQuality "1"]
[TimeControl "5400+30"]

1. d4 d5 2. Nf3 Nf6 3. c4 e6 4. g3 Bb4+ 5. Bd2 Be7 6. Bg2 O-O 7. O-O Nbd7 8. Qb3 {[%emt 0:10:28] E11: Bogo-Indian.} a5 9. Bf4 c6 10. Rd1 {[%emt 0:03:28] The position is equal.} a4 11. Qc2 h6 12. h4 $146 ({Predecessor:} 12. a3 Qa5 13. Nbd2 Nh5 14. Be3 Bd6 15. Rac1 b5 16. c5 Bb8 17. Ne1 e5 18. Nd3 {1-0 Giri,A (2731)-Praggnanandhaa,R (2741) Tata Steel-A 87th 2025 (9)}) 12... Qa5 13. Nc3 (13. Nbd2 $11) 13... dxc4 $15 14. a3 b5 15. e4 Bb7 16. Bh3 Rfe8 17. Bd2 Qa6 (17... c5 $17 {Hoping for ...b4.} 18. d5 exd5 19. exd5 Qa6) 18. g4 Nh7 19. g5 hxg5 20. hxg5 Nhf8 21. Be3 Rad8 22. Bf4 Ng6 23. Bc7 Rc8 24. Bg3 Rcd8 25. Bc7 Rc8 26. Bg3 Rcd8 {[%emt 0:01:46] Weighted Error Value: White=0.12 (very precise) /Black=0.16 (very precise)   Mistake:       	White=1     	Black=2      Inaccurate:     	White=2     	Black=1      OK:         	White=8     	Black=8      Best:        	White=2     	Black=1} (26... Bd8 $15) 1/2-1/2